Map: Gresvan LE

Players

Rail

  • Race: Protoss Protoss
  • Spawn Location: 11:00

DnS - Winner!

  • Race: Protoss Protoss
  • Spawn Location: 5:00

Event: ESL SC2 Masters 2023 Summer (Finals)

VOD

Have the link to the VOD?

Description

Time

  • Played on: June 16, 2023, 4:57 a.m.
  • Length: 4:36

All games in this series

Show
View Real Time Build Order
Export as new Build Order

Rail Protoss 

Build Orders:  

Get SALT Encoding   

  12  0:00  Probe  
  13  0:13  Probe  
  14  0:17  Pylon  
  14  0:25  Probe (Chrono Boost)  
  15  0:37  Probe (Chrono Boost), Gateway  
  16  0:44  Probe (Chrono Boost)  
  16  0:46  Assimilator  
  17  0:51  Probe  
  18  0:58  Assimilator  
  18  1:03  Probe (Chrono Boost)  
  19  1:07  Gateway  
  19  1:13  Probe (Chrono Boost)  
  19  1:18  Probe (Chrono Boost)  
  20  1:24  Cybernetics Core  
  21  1:29  Probe  
  22  1:36  Pylon  
  22  1:42  Probe  
  23  2:00  Robotics Facility  
  23  2:01  Stalker  
  25  2:05  Stalker  
  27  2:09  Warp Gate  
  27  2:16  Pylon  
  27  2:31  Stalker  
  27  2:35  Stalker  
  31  2:46  Immortal (Chrono Boost)  
  35  2:59  Pylon  
  35  3:15  Warp Prism (Chrono Boost)  
  33  3:44  Immortal  
  37  3:52  Pylon  
  37  3:57  Stalker x2  
Show
View Real Time Build Order
Export as new Build Order

DnS Protoss - Winner!

Build Orders:  

Get SALT Encoding   

  12  0:00  Probe  
  13  0:12  Probe  
  14  0:17  Pylon  
  14  0:24  Probe (Chrono Boost)  
  15  0:36  Probe (Chrono Boost), Gateway  
  16  0:44  Probe (Chrono Boost)  
  16  0:45  Assimilator  
  17  0:51  Probe  
  17  0:54  Assimilator  
  18  1:03  Probe (Chrono Boost)  
  19  1:07  Gateway  
  20  1:12  Probe (Chrono Boost)  
  20  1:17  Probe (Chrono Boost)  
  20  1:23  Cybernetics Core  
  21  1:29  Probe  
  22  1:34  Pylon  
  22  1:41  Probe  
  23  1:59  Robotics Facility  
  23  2:00  Stalker  
  25  2:07  Stalker  
  27  2:08  Warp Gate  
  27  2:20  Pylon  
  27  2:30  Stalker  
  29  2:37  Stalker  
  31  2:47  Immortal (Chrono Boost)  
  35  3:00  Shield Battery  
  35  3:02  Sentry  
  37  3:22  Immortal (Chrono Boost)  
  37  3:45  Gateway  
  37  3:51  Pylon  
  37  3:57  Stalker  
  41  4:13  Stalker  
  41  4:36  Stalker x2  
Tags
 
Add a new tag
Caveats
  • Supply blocks, unpowered buildings, or Contaminate may cause inaccurate times.
  • Supply counts are checked every 10 seconds.